 Dungeon Crawl Stone Soup version 0.30-a0-339-g89bb51ec76 (webtiles) character file.

Game seed: 3803149408039802637

2242 avis the Skirmisher (level 8, -15/68 HPs)
             Began as a Demigod Ice Elementalist on Oct 30, 2022.
             Demolished by an ogre
             ... wielding a +0 giant club
              (34 damage)
             ... on level 5 of the Dungeon on Oct 31, 2022.
             The game lasted 00:45:18 (6406 turns).

avis the Skirmisher (Demigod Ice Elementalist)      Turns: 6406, Time: 00:45:19

Health: -15/68     AC: 10    Str:  9    XL:     8   Next: 92%
Magic:  6/15       EV: 13    Int: 17    God:
Gold:   205        SH:  0    Dex: 22    Spells: 6/13 levels left

rFire   . . .      SeeInvis .    a - +4 quarterstaff (chaos)
rCold   . . .      Faith    .    (shield currently unavailable)
rNeg    . . .      Spirit   .    p - +0 robe
rPois   .          Reflect  .    (no helmet)
rElec   .          Harm     .    w - +0 cloak {rCorr}
rCorr   +          Rampage  .    H - +0 pair of gloves
Will    .....                    (no boots)
Stlth   ++........               (no amulet)
HPRegen 0.31/turn                (no ring)
MPRegen 0.14/turn                (no ring)

@: ice-armoured, freezing walls
A: high MP 1, forlorn, divine attributes
a: no special abilities


You were on level 5 of the Dungeon.
You visited 1 branch of the dungeon, and saw 5 of its levels.

You collected 313 gold pieces.
You spent 108 gold pieces at shops.

Inventory:

Hand Weapons
 a - a +4 quarterstaff of chaos (weapon)
 b - a +0 sling
 f - a +1 short sword of distortion
 u - a +0 falchion
 v - a +3 dagger
 F - a +0 dagger of venom
 G - a +2 whip of distortion
 J - a +1 whip of freezing
 L - a +0 dagger of venom
 M - a +1 hand axe of electrocution
Missiles
 e - 3 poisoned darts
 l - 4 boomerangs (quivered)
 C - 3 throwing nets
Armour
 p - a +0 robe (worn)
 w - a +0 cloak of preservation (worn)
 H - a +0 pair of gloves (worn)
Wands
 I - a wand of flame (12)
Scrolls
 g - 3 scrolls of poison {unknown}
 h - a scroll of blinking {unknown}
 i - a scroll of enchant weapon {unknown}
 j - a scroll of torment {unknown}
 m - 2 scrolls of fear {unknown}
 q - a scroll of magic mapping {unknown}
 s - a scroll of teleportation
 t - a scroll of amnesia {unknown}
 y - 2 scrolls of noise {unknown}
 z - 3 scrolls of identify
Potions
 c - 2 potions of brilliance
 d - 2 potions of magic
 n - a potion of cancellation
 o - a potion of haste
 r - a potion of degeneration
 x - a potion of mutation {unknown}
 A - a potion of lignification {unknown}
 B - a potion of resistance {unknown}
 D - a potion of heal wounds {unknown}
 E - a potion of might {unknown}
 K - a potion of attraction {unknown}


   Skills:
 * Level 5.1 Fighting
 - Level 8.0 Ranged Weapons
 - Level 2.0 Dodging
 - Level 2.0 Stealth
 - Level 3.0 Spellcasting
 - Level 6.0 Ice Magic


You had 6 spell levels left.
You knew the following spells:

 Your Spells              Type           Power      Damage    Failure   Level
a - Freeze                Ice            88%        1d9       1%          1
o - Ozocubu's Armour      Ice            22%        N/A       4%          3
r - Frozen Ramparts       Ice            44%        1d7       4%          3

Your spell library contained the following spells:

 Spells                   Type           Power      Damage    Failure   Level
 Ignite Poison            Fire/Tmut/Pois 2%         N/A       45%         3
 Kindle Blastsparks       Fire/Tloc/Air  4%         2d10      45%         3
 Summon Ice Beast         Ice/Summ       12%        N/A       45%         4
 Leda's Liquefaction      Hex/Erth       1%         N/A       86%         4
 Freezing Cloud           Conj/Ice/Air   4%         6-21      91%         5
 Lee's Rapid Deconstruct  Erth           1%         3d4*      99%         5
 Conjure Ball Lightning   Conj/Air       1%         3x3d6     100%        6
 Statue Form              Tmut/Erth      1%         N/A       100%        6
 Discord                  Hex            1%         N/A       100%        8
 Disjunction              Tloc           1%         N/A       100%        8


Dungeon Overview and Level Annotations

Branches:
Dungeon (5/15)
 Temple: D:4-7

Shops:
D:2 *


Innate Abilities, Weirdness & Mutations

You have an increased reservoir of magic. (+10% MP)
You shall have no god before yourself.
Your divine heritage dramatically boosts your attributes as you level up.


Message History

Press: ? - help, Dir - look around, f - activate The walls around you are covered in ice.
The ogre shouts!
The moth of wrath changes into a swamp dragon!
You hit the swamp dragon.
The swamp dragon flickers and vanishes!
Deactivating autopickup; reactivate with Ctrl-A.
A shining eye appears out of thin air!
Reactivating autopickup.
You sock the shining eye!
You kill the shining eye!
The wall freezes the ogre.
Training target 8.0 for Ranged Weapons reached!
Your Ranged Weapons skill increases to level 8!
You need to enable at least one skill for training.
You completely miss the ogre.
The ogre is lightly wounded.
The wall freezes the ogre but does no damage.
The ogre hits you with a +0 giant club!
You hit the ogre but do no damage.
The ogre is lightly wounded.
The wall freezes the ogre.
The ogre barely misses you.
You hit the ogre.
The ogre seems to grow stronger.
The ogre is moderately wounded.
The frozen ramparts melt away.
The ogre hits you with a +0 giant club!!
* * * LOW HITPOINT WARNING * * *
Casting: Frozen Ramparts (dangerous; 4% risk of failure)
Confirm with . or Enter, or press ? or * to list all spells.
Casting: Frozen Ramparts (dangerous; 4% risk of failure)
Press: ? - help, Dir - look around, f - activate The walls around you are covered in ice.
You barely miss the ogre.
The ogre is moderately wounded.
The wall freezes the ogre but does no damage.
The ogre hits you with a +0 giant club.
* * * LOW HITPOINT WARNING * * *
You feel better.
The wall freezes the ogre.
The ogre hits you with a +0 giant club!!
Ouch! That really hurt!
You die...

'#######..#####...<.......
..[.# ##...##............
###'#####.................
# #
.............>............
#..
..............#...........
#.#
..............#......#####
#.#..
..........###.#.#..####
#....
..........###.#..O....#
#####
###.#.........##@##..
#...[...###o##)# ## #
.........#...#)####.##
#######
###.#........†).......
.......
...................##
.......
###.#..........##.#?#
####### ...#..........# .#
# # ### ###...........## #
#. ##.. #.....#.#.#.#
#.####...


You could see an ogre (strong).

Vanquished Creatures
  Pikel (D:5)
  A shining eye (shapeshifter) (D:5)
  Sigmund (D:2)
  Menkaure (D:4)
  A black bear (D:4)
  2 ice beasts (D:5)
  3 lemures
  A bullfrog (D:4)
  2 scorpions
  A hound (D:4)
  Crazy Yiuf (D:2)
  A gnoll bouda (D:4)
  3 orc priests
  Natasha (thrice) (D:2)
  4 orc wizards
  5 adders
  13 gnolls
  An ufetubus (D:4)
  4 worms
  5 dart slugs
  18 orcs
  9 bats
  5 endoplasms
  2 giant cockroaches
  14 goblins
  5 hobgoblins
  9 jackals
  7 kobolds
  4 quokkas
  5 ball pythons
  6 frilled lizards
  3 rats
141 creatures vanquished.

Notes
Turn   | Place    | Note
-------+----------+-------------------------------------------
     0 | D:1      | avis the Demigod Ice Elementalist began the quest for the
                  | Orb.
     0 | D:1      | Reached XP level 1. HP: 14/14 MP: 5/5
    43 | D:1      | Reached skill level 1 in Fighting
   101 | D:1      | Reached XP level 2. HP: 17/23 MP: 0/7
   727 | D:1      | Reached XP level 3. HP: 20/29 MP: 1/8
   867 | D:1      | Learned a level 3 spell: Frozen Ramparts
  1493 | D:2      | Noticed Natasha
  1590 | D:2      | Killed Natasha
  1591 | D:2      | Reached XP level 4. HP: 29/36 MP: 8/11
  1620 | D:2      | Learned a level 3 spell: Ozocubu's Armour
  1686 | D:2      | Noticed Natasha
  1705 | D:2      | Killed Natasha
  1757 | D:2      | Noticed Natasha
  1768 | D:2      | Killed Natasha
  2076 | D:2      | Found Mituenam's General Store.
  2083 | D:2      | Bought a scroll of identify for 24 gold pieces
  2083 | D:2      | Bought a potion of degeneration for 12 gold pieces
  2083 | D:2      | Bought a potion of curing for 36 gold pieces
  2083 | D:2      | Bought a scroll of teleportation for 36 gold pieces
  2513 | D:2      | Noticed Sigmund
  2521 | D:2      | Killed Sigmund
  2522 | D:2      | Reached skill level 5 in Ice Magic
  2522 | D:2      | Reached skill level 2 in Ranged Weapons
  2522 | D:2      | Reached XP level 5. HP: 41/41 MP: 5/12
  2652 | D:2      | Found a runed translucent door.
  2653 | D:2      | Noticed Crazy Yiuf
  2666 | D:2      | Killed Crazy Yiuf
  2667 | D:2      | Reached XP level 6. HP: 15/50 MP: 0/13
  2919 | D:2      | Upgraded the game from 0.30-a0-335-ge5acde7520 to
                  | 0.30-a0-339-g89bb51ec76
  3277 | D:3      | Found Ceboipoq's Antique Weapon Shoppe.
  3363 | D:3      | Reached skill level 3 in Ranged Weapons
  4094 | D:4      | Reached skill level 4 in Ranged Weapons
  4099 | D:4      | Reached XP level 7. HP: 57/57 MP: 5/14
  4396 | D:4      | Noticed Menkaure
  4414 | D:4      | Killed Menkaure
  4707 | D:4      | Reached skill level 5 in Ranged Weapons
  5369 | D:5      | Entered Level 5 of the Dungeon
  5425 | D:5      | Noticed Pikel
  5488 | D:5      | Killed Pikel
  5489 | D:5      | Reached skill level 6 in Ranged Weapons
  5489 | D:5      | Reached XP level 8. HP: 55/67 MP: 7/15
  5607 | D:4      | Reached skill level 5 in Fighting
  6053 | D:5      | Reached skill level 7 in Ranged Weapons
  6393 | D:5      | an orc changed into a glowing shapeshifter
  6393 | D:5      | Noticed a glowing shapeshifter (glowing shapeshifter)
  6393 | D:5      | a glowing shapeshifter changed into a sea snake
  6393 | D:5      | Noticed a sea snake (glowing shapeshifter)
  6394 | D:5      | a sea snake changed into a faun
  6394 | D:5      | Noticed a faun (glowing shapeshifter)
  6396 | D:5      | a faun changed into a moth of wrath
  6396 | D:5      | Noticed a moth of wrath (glowing shapeshifter)
  6398 | D:5      | a moth of wrath changed into a swamp dragon
  6398 | D:5      | Noticed a swamp dragon (glowing shapeshifter)
  6399 | D:5      | Noticed a shining eye
  6400 | D:5      | Killed a shining eye
  6401 | D:5      | Reached skill level 8 in Ranged Weapons
  6406 | D:5      | Demolished by an ogre

Illustrated notes

Levels and vault maps discovered:
D:1:      dpeg_arrival_shrine, layout_basic,
          wander_ebering_terrifying_dragon_lair
D:2:      layout_loops_ring, serial_shops, shop_statue,
          hangedman_feature_mirror, uniq_natasha, uniq_sigmund,
          uniq_crazy_yiuf_cottage
D:3:      layout_basic, mainiacjoe_overflow_catwalk, serial_shops, shop,
          minmay_strange_pillars, dk_noncrumbling_2
D:4:      layout_loops_cross, lemuel_tele_altar, jmf_multi_god_temple,
          grunt_temple_overflow_growth_and_decay, minmay_misc_feat_diagonals,
          hex_tiny, uniq_menkaure
D:5:      layout_basic, uniq_pikel

Skill      XL: |  1  2  3  4  5  6  7  8 |
---------------+-------------------------+-----
Fighting       | 1 2 3 4 5 |  5.1
Ice Magic      | 4 5 6 |  6.0
Spellcasting   | 2 3 |  3.0
Ranged Weapons | 2 4 6 8 |  8.0
Dodging        | 2 |  2.0
Stealth        | 2 |  2.0

Action                   |  1- 3 |  4- 6 |  7- 9 || total
-------------------------+-------+-------+-------++-------
Melee: Short sword       |    18 |       |       ||    18
       Dagger            |     1 |    14 |       ||    15
       Quarterstaff      |       |    29 |    98 ||   127
 Fire: Sling             |       |    36 |    10 ||    46
Throw: Boomerang         |     9 |     8 |       ||    17
 Cast: Freeze            |    53 |    13 |       ||    66
       Frozen Ramparts   |       |    20 |    19 ||    39
       Ozocubu's Armour  |       |    16 |    19 ||    35
  Use: Scroll            |       |     3 |       ||     3
       Potion            |       |     1 |     1 ||     2
 Stab: Sleeping          |     4 |       |     1 ||     5
Armor: Robe              |    17 |    23 |    47 ||    87
Dodge: Dodged            |    37 |    55 |    74 ||   166

Table legend: (Time is in decaauts)
 A = Elapsed time spent in this place.
 B = Non-inter-level travel time spent in this place.
 C = Inter-level travel time spent in this place.
 D = Time resting spent in this place.
 E = Time spent auto-exploring this place.
 F = Levels seen in this place.
 G = Mean time per level.
                   A        B        C        D        E       F      G
               +--------+--------+--------+--------+--------+-----+--------+
         Total |   6454 |   5992 |    462 |   2280 |   2215 |   5 | 1290.8 |
       Dungeon |   6454 |   5992 |    462 |   2280 |   2215 |   5 | 1290.8 |
               +--------+--------+--------+--------+--------+-----+--------+

Top non-repeatable levels by time:
     D:4: 1714 daAuts
     D:2: 1651 daAuts
     D:1: 1398 daAuts
     D:3: 963 daAuts
     D:5: 726 daAuts
